Map: Arctic Dream LE

Players

ecruos

  • Race: Terran Terran
  • League: Diamond
  • Spawn Location: 12:00

Swatyo

  • Race: Zerg Zerg
  • Spawn Location: 11:00

Massa

  • Race: Terran Terran
  • League: Platinum
  • Spawn Location: 5:00

qqq

  • Race: Protoss Protoss
  • Spawn Location: 6:00

VOD

Have the link to the VOD?

Description

Time

  • Played on: Oct. 8, 2020, 2:04 p.m.
  • Length: 25:55
Show
View Real Time Build Order
Export as new Build Order

ecruos Terran 

Build Orders: 2 Factory 

Get SALT Encoding   

  12  0:00  SCV  
  13  0:16  Supply Depot  
  13  0:19  SCV  
  14  0:31  SCV  
  15  0:42  Barracks  
  15  0:45  SCV  
  16  0:57  SCV  
  17  1:09  SCV  
  18  1:13  Refinery, Supply Depot  
  18  1:21  SCV  
  19  1:31  Marine  
  20  1:33  SCV  
  21  1:43  Refinery  
  21  1:45  SCV  
  22  1:53  Marine  
  23  1:57  SCV  
  24  2:04  Command Center  
  24  2:09  SCV  
  24  2:12  Marine  
  26  2:22  SCV  
  27  2:26  Factory  
  27  2:34  SCV  
  28  2:42  Marine  
  29  2:49  Orbital Command  
  29  2:58  Supply Depot  
  29  3:03  Marine  
  30  3:22  Factory Tech Lab  
  30  3:23  Supply Depot  
  30  3:27  Factory  
  30  3:32  Marine  
  30  3:34  Orbital Command  
  31  3:41  Siege Tank  
  31  3:43  SCV  
  35  3:52  Armory  
  35  3:56  SCV  
  35  3:58  Marine  
  37  4:04  Starport  
  37  4:08  SCV  
  38  4:17  Factory Tech Lab  
  38  4:18  Siege Tank  
  38  4:20  SCV  
  38  4:21  Supply Depot  
  38  4:22  Marine  
  43  4:26  SCV  
  44  4:32  SCV  
  45  4:39  SCV  
  45  4:42  Starport Tech Lab  
  45  4:44  SCV  
  47  4:47  Refinery  
  47  4:50  Thor  
  47  4:51  SCV  
  56  4:52  Hellion  
  56  4:54  Refinery  
  56  4:56  SCV  
  56  4:57  Marine  
  58  5:04  Terran Vehicle Weapons Level 1  
  58  5:16  SCV x2  
  58  5:30  Command Center  
  58  5:31  Refinery  
  58  5:38  Engineering Bay  
  58  5:41  Supply Depot  
  58  5:43  Thor  
  58  5:47  SCV x2  
  66  5:59  SCV  
  67  6:04  Thor  
  73  6:14  Missile Turret  
  73  6:17  Missile Turret  
  69  6:22  Missile Turret  
  62  6:29  Missile Turret  
  60  6:43  Missile Turret  
  59  7:35  SCV x2  
  61  7:47  SCV x2  
  63  7:54  Thor  
  63  7:57  Missile Turret  
  69  7:59  SCV x3  
  72  8:09  Widow Mine  
  72  8:10  Missile Turret  
  72  8:11  SCV x2  
  75  8:20  Terran Vehicle Weapons Level 2  
  75  8:23  SCV  
  75  8:26  Missile Turret  
  76  8:29  Orbital Command  
  76  8:30  Widow Mine  
  76  8:32  SCV  
  79  8:36  SCV  
  80  8:45  SCV  
  80  8:48  SCV  
  82  8:57  SCV x2  
  82  8:58  Thor  
  82  9:00  SCV  
  91  9:09  Refinery, SCV  
  92  9:12  SCV  
  92  9:13  Supply Depot  
  93  9:28  Factory  
  93  9:29  Factory  
  93  9:34  SCV x2, Thor, Supply Depot  
  93  9:37  Supply Depot  
  101  9:50  Smart Servos  
  101  9:52  Drilling Claws  
  101  9:55  SCV x2, Raven  
  101  9:58  Thor  
  111  10:28  Thor  
  117  10:41  Factory Tech Lab x2  
  115  10:50  Liberator  
  115  11:16  Supply Depot x2  
  115  11:18  Supply Depot  
  112  11:33  Liberator  
  112  11:37  Thor x3  
  112  11:38  Thor  
  133  11:53  Supply Depot x2  
  114  12:20  Thor x2  
  114  12:21  Widow Mine, Thor  
  109  12:28  Liberator  
  100  12:31  Command Center  
  100  12:33  Factory  
  100  12:34  Supply Depot  
  100  12:42  Widow Mine  
  102  13:03  Widow Mine, Siege Tank x2  
  102  13:05  Hellion, Marine  
  108  13:23  Marine  
  108  13:25  Hellion, Thor  
  105  13:27  Viking  
  107  13:35  Thor x2  
  101  13:45  Factory Tech Lab  
  101  13:46  Thor  
  99  13:50  Refinery  
  99  13:54  Orbital Command  
  97  14:04  Thor  
  97  14:08  Thor  
  95  14:18  Thor, Siege Tank  
  96  14:26  Starport  
  96  14:29  Siege Tank  
  99  14:38  Viking  
  101  14:47  Siege Tank  
  101  14:50  Hellion  
  101  14:52  Hellion  
  108  14:53  Terran Vehicle Weapons Level 3  
  108  15:01  Hellion, Siege Tank  
  113  15:08  Viking  
  113  15:12  Hellion, Thor  
  113  15:13  Viking  
  125  15:19  Siege Tank  
  128  15:22  Siege Tank  
  131  15:33  Hellion x2  
  132  15:51  Widow Mine  
  132  15:55  Widow Mine x2, Thor  
  130  16:10  Refinery  
  128  16:12  Thor  
  128  16:16  Hellion x2  
  132  16:34  Starport Reactor  
  132  16:37  Thor x2  
  132  16:38  Thor, Missile Turret  
  150  16:41  Missile Turret  
  150  16:50  Factory  
  150  16:52  SCV x2  
  150  16:53  Factory  
  152  16:55  Armory, Thor  
  152  16:59  Supply Depot  
  156  17:20  Thor  
  127  17:33  Siege Tank x2  
  114  18:03  Widow Mine  
  116  18:05  Hellion  
  96  18:24  Hellion  
  96  18:26  Thor  
  102  18:34  Hellion x2  
  104  18:42  Orbital Command  
  104  18:46  Hellion  
  99  19:04  Refinery  
  95  19:37  Widow Mine x2  
  95  19:41  Terran Vehicle And Ship Armor Level 1  
  93  19:48  SCV x2  
  93  19:49  SCV  
  72  20:00  SCV  
  72  20:01  SCV x2  
  39  20:13  SCV  
  34  20:25  Widow Mine x3  
  34  20:26  Widow Mine  
  42  20:31  SCV x2  
  42  20:32  SCV  
  42  20:34  Factory  
  45  20:36  Factory  
  45  20:43  SCV x2  
  45  20:44  Refinery, SCV  
  50  20:55  SCV x2, Factory Reactor x2  
  50  20:56  SCV  
  51  21:07  SCV x2  
  53  21:31  Hellion x3  
  53  21:32  Hellion x4  
  65  21:34  Widow Mine  
  67  21:41  Viking  
  69  21:53  Widow Mine, Hellion  
  67  21:54  Factory Tech Lab  
  67  21:56  Factory Reactor  
  67  22:07  Widow Mine  
  69  22:08  Factory Tech Lab  
  69  22:09  Factory Tech Lab  
  69  22:22  Hellion x3  
  75  22:30  Command Center  
  75  22:35  Command Center  
  75  22:41  Widow Mine x2  
  73  23:01  Widow Mine  
  73  23:02  SCV  
  73  23:03  Hellion  
  73  23:04  Hellion x5  
  88  23:07  SCV x2  
  90  23:17  Hellion x2  
  82  23:22  Hellion  
  82  23:25  Hellion  
  86  23:37  Siege Tank  
  86  23:38  Siege Tank  
  78  23:47  Refinery  
  76  23:55  Hellion x2  
  82  23:56  Hellion x3  
  82  23:59  Refinery  
  85  24:10  Hellion x4  
  92  24:31  Siege Tank x2  
  94  24:52  Hellion x3  
  88  24:53  Hellion x8  
  88  25:00  Hellion  
  88  25:01  Hellion x3  
  88  25:03  Hellion  
  91  25:10  Liberator  
Show
View Real Time Build Order
Export as new Build Order

Swatyo Zerg 

Build Orders: Hatch First, Lurkers 

Get SALT Encoding   

  12  0:04  Drone  
  13  0:13  Drone  
  14  0:20  Extractor, Drone  
  15  0:32  Overlord  
  15  0:58  Hatchery  
  14  1:13  Spawning Pool  
  14  1:14  Drone x2  
  14  1:17  Extractor  
  15  1:25  Drone x2  
  16  1:36  Overlord  
  16  1:50  Drone  
  17  1:59  Queen  
  19  2:03  Drone  
  20  2:09  Zergling x2  
  20  2:14  Queen  
  23  2:24  Overlord  
  23  2:25  Drone  
  23  2:26  Drone  
  25  2:31  Drone  
  25  2:34  Drone  
  27  2:42  Drone  
  28  2:53  Drone x2  
  28  2:54  Drone  
  28  2:57  Metabolic Boost  
  30  3:02  Queen  
  30  3:03  Extractor  
  30  3:04  Queen  
  33  3:11  Drone x2  
  35  3:22  Drone x3  
  35  3:27  Drone x4  
  42  3:37  Spore Crawler  
  41  3:42  Queen  
  43  4:01  Drone  
  43  4:02  Overlord  
  44  4:03  Overlord  
  44  4:05  Spore Crawler  
  43  4:22  Zergling x14  
  50  4:28  Pneumatized Carapace  
  50  4:29  Drone x2  
  50  4:30  Drone  
  53  4:34  Lair, Evolution Chamber  
  52  4:39  Baneling Nest  
  52  4:41  Drone x2  
  53  4:49  Drone x4  
  57  4:56  Overlord  
  57  5:01  Zerg Melee Weapons Level 1  
  57  5:02  Drone  
  57  5:04  Extractor  
  57  5:09  Hatchery  
  56  5:15  Drone x3  
  56  5:17  Drone x2  
  56  5:18  Drone x2  
  63  5:23  Extractor  
  63  5:24  Zergling x2  
  63  5:33  Centrifical Hooks  
  63  5:35  Zergling x8  
  67  5:36  Baneling  
  67  5:37  Baneling x7  
  67  5:50  Drone  
  67  5:51  Overlord  
  67  5:52  Overlord  
  68  6:06  Spore Crawler  
  68  6:10  Hydralisk Den  
  68  6:11  Spore Crawler  
  65  6:21  Overlord  
  65  6:23  Drone x6  
  65  6:24  Drone, Queen  
  74  6:38  Overseer  
  74  6:40  Hydralisk x5  
  74  6:41  Hydralisk x2  
  74  6:45  Grooved Spines  
  88  6:57  Zerg Ground Armor Level 1  
  88  7:18  Overlord x3  
  88  7:21  Overlord  
  88  7:29  Baneling x2, Evolution Chamber  
  87  7:32  Spore Crawler  
  87  7:35  Spine Crawler  
  87  7:36  Drone x3, Spore Crawler, Overlord  
  87  7:37  Drone, Overlord  
  87  7:38  Drone x8  
  87  7:39  Drone x3  
  99  7:56  Hydralisk x6, Muscular Augments  
  111  8:02  Extractor  
  110  8:12  Overlord x3  
  110  8:17  Zerg Missile Weapons Level 1  
  110  8:32  Overlord x3  
  110  8:36  Overlord x2  
  110  8:37  Drone x3  
  113  8:42  Lurker Den, Infestation Pit  
  111  8:50  Hatchery, Spore Crawler  
  109  8:57  Extractor  
  109  8:59  Hydralisk  
  109  9:00  Hydralisk x2  
  109  9:01  Zergling x2, Overlord  
  109  9:02  Hydralisk x6, Zergling x2  
  122  9:04  Drone  
  122  9:05  Drone  
  130  9:17  Overseer x2  
  130  9:21  Hive  
  130  9:24  Zerg Ground Armor Level 2  
  130  9:45  Lurker x5  
  135  9:46  Hydralisk  
  135  9:48  Hydralisk x2, Zergling x6  
  135  9:50  Drone x3  
  147  9:54  Drone x7  
  147  9:55  Drone x3  
  135  10:41  Hydralisk x13  
  151  10:47  Hydralisk x3  
  151  10:48  Hydralisk x3  
  151  10:49  Zergling x2  
  148  10:50  Zergling x10  
  147  11:12  Viper x2  
  147  11:14  Zergling x6  
  147  11:15  Zergling x6  
  147  11:16  Drone x3  
  147  11:18  Extractor x2  
  158  11:51  Adaptive Talons  
  158  11:52  Zerg Missile Weapons Level 2  
  158  11:53  Zerg Melee Weapons Level 2  
  158  12:01  Overlord x3  
  155  12:10  Spore Crawler  
  155  12:13  Spine Crawler  
  155  12:14  Spine Crawler  
  146  12:29  Zergling x8  
  150  12:30  Zergling x12  
  150  12:32  Baneling  
  150  12:33  Baneling x8  
  150  12:34  Baneling, Lurker x3  
  150  12:36  Lurker x2  
  161  12:37  Baneling x3  
  161  12:38  Baneling x3  
  161  12:39  Zergling x18  
  161  12:40  Drone, Zergling x4, Overlord  
  161  12:41  Drone x3  
  161  12:42  Overlord x2  
  176  12:48  Seismic Spines  
  133  13:24  Hydralisk  
  133  13:25  Hydralisk x14  
  133  13:26  Hydralisk x7  
  168  13:29  Overlord x2  
  168  13:30  Overlord  
  160  13:45  Overlord x2  
  160  13:46  Overlord  
  160  13:47  Overseer x3  
  160  13:48  Baneling x5  
  160  13:49  Baneling x7  
  160  13:50  Baneling, Zergling x8, Overlord  
  160  13:51  Overlord  
  161  14:00  Zergling x4  
  161  14:01  Zergling x2  
  146  14:08  Lurker  
  141  14:12  Viper x2  
  141  14:13  Zergling x2  
  141  14:14  Zergling x24  
  141  14:15  Zergling x2  
  161  14:25  Zergling x8  
  161  14:28  Overlord  
  165  14:34  Zerg Ground Armor Level 3  
  162  14:39  Hatchery  
  162  14:40  Spire  
  162  14:45  Hydralisk  
  157  14:46  Hydralisk x4  
  157  14:47  Zergling x2  
  157  14:48  Zergling x16  
  176  15:01  Zerg Missile Weapons Level 3  
  172  15:23  Extractor  
  171  15:38  Viper x2  
  171  15:39  Hydralisk x2, Zergling x8  
  185  15:56  Extractor  
  175  15:58  Extractor  
  168  16:10  Baneling x8, Hydralisk  
  168  16:11  Hydralisk x14  
  189  16:48  Hydralisk  
  189  16:49  Hydralisk x3  
  189  16:51  Corruptor x3  
  189  16:52  Corruptor x2  
  187  17:15  Hatchery  
  186  17:19  Spore Crawler  
  186  17:21  Spore Crawler  
  184  17:22  Spore Crawler x3  
  184  17:24  Spore Crawler  
  184  17:26  Spore Crawler  
  184  17:27  Spore Crawler  
  150  18:46  Hatchery  
  150  18:47  Baneling  
  150  18:48  Baneling x5, Hydralisk  
  149  18:49  Hydralisk x10  
  159  19:12  Corruptor x3  
  159  19:13  Corruptor x2  
  159  19:16  Hydralisk  
  158  19:48  Corruptor x3  
  158  19:50  Greater Spire  
  158  19:51  Zerg Melee Weapons Level 3  
  158  19:52  Zergling x6, Adrenal Glands  
  167  19:55  Extractor x2, Spore Crawler  
  164  20:02  Drone x3  
  167  20:10  Overseer, Viper x2  
  167  20:11  Overseer  
  167  20:12  Corruptor x2  
  169  20:32  Corruptor x5  
  166  20:42  Zergling x2  
  166  20:43  Zergling x6  
  169  20:55  Drone x2  
  169  20:56  Drone x4  
  169  20:57  Drone  
  176  21:03  Baneling  
  176  21:04  Baneling x3  
  176  21:05  Baneling x3, Zergling x6  
  176  21:06  Zergling x10  
  166  21:26  Corruptor x2  
  166  21:27  Zergling x2, Corruptor x3  
  166  21:28  Zergling x10  
  147  21:56  Corruptor x4  
  147  21:57  Corruptor  
  147  21:58  Zergling x2  
  147  21:59  Zergling x2  
  129  22:20  Zergling x8  
  129  22:21  Zergling x12  
  129  22:22  Zergling x12  
  135  22:35  Hydralisk x9  
  153  22:41  Overseer  
  153  22:48  Extractor, Zerg Flyer Weapons Level 1  
  153  22:50  Extractor  
  151  22:53  Extractor  
  151  22:56  Zergling x2  
  151  22:57  Zergling x8, Overlord  
  151  22:58  Drone x2, Hydralisk x5  
  161  23:26  Zergling x6  
  164  23:27  Zergling x22  
  167  23:38  Corruptor x3  
  165  23:47  Zergling x4  
  165  23:48  Zergling x20  
  177  23:49  Drone x7  
  176  24:15  Corruptor x3  
  182  24:35  Zergling x6  
  185  24:39  Baneling  
  185  24:40  Hatchery, Baneling x8  
  179  25:15  Hydralisk x3  
  165  25:29  Zergling x4  
  165  25:30  Zergling x16  
  162  25:46  Extractor  
  162  25:48  Extractor  
Show
View Real Time Build Order
Export as new Build Order

Massa Terran 

Build Orders:  

Get SALT Encoding   

  12  0:00  SCV  
  13  0:12  SCV  
  14  0:18  Supply Depot  
  14  0:24  SCV  
  15  0:40  SCV  
  15  0:42  Barracks  
  16  0:49  Refinery  
  16  0:52  SCV  
  18  1:04  SCV  
  18  1:16  SCV  
  19  1:28  SCV  
  20  1:34  Reaper  
  20  1:38  Command Center  
  21  1:42  Orbital Command  
  21  2:06  Marine  
  22  2:09  SCV  
  23  2:20  Factory  
  23  2:27  Supply Depot  
  23  2:33  Refinery  
  23  2:49  SCV  
  24  2:59  Barracks Reactor  
  24  3:01  SCV  
  25  3:07  Widow Mine  
  27  3:20  Starport  
  27  3:21  Orbital Command  
  27  3:22  SCV  
  28  3:28  Engineering Bay  
  28  3:29  Widow Mine  
  28  3:33  Supply Depot  
  30  3:34  SCV  
  30  3:36  Marine  
  30  3:37  Marine  
  33  3:42  Barracks  
  33  3:46  SCV  
  34  3:49  SCV  
  34  3:51  Factory Tech Lab  
  34  3:54  Marine x2  
  37  3:56  Medivac  
  37  3:58  SCV  
  37  4:01  SCV  
  41  4:10  SCV  
  41  4:12  Marine x2  
  41  4:13  SCV, Siege Tank  
  48  4:18  Supply Depot  
  48  4:20  Missile Turret  
  48  4:23  SCV  
  49  4:25  SCV  
  49  4:30  Marine x2  
  52  4:35  SCV  
  53  4:41  Liberator  
  56  4:46  Barracks Tech Lab  
  56  4:48  Marine x2  
  58  4:53  SCV x2  
  58  4:57  Refinery  
  58  4:58  Refinery  
  60  5:05  SCV x2  
  60  5:06  Supply Depot  
  62  5:08  Supply Depot  
  62  5:09  Supply Depot  
  62  5:27  SCV, Siege Tank  
  66  5:40  SCV x2  
  66  5:42  Marauder  
  70  5:43  Stimpack  
  70  5:44  Marine x2  
  72  5:52  SCV x2  
  72  5:55  Command Center  
  74  5:59  Siege Tank  
  74  6:00  Missile Turret  
  74  6:01  Marine  
  74  6:02  Marine  
  74  6:03  Marauder  
  81  6:19  Marine  
  80  6:29  Marauder, Marine  
  83  6:37  Marine  
  84  6:47  Marine  
  85  6:55  Marine  
  85  6:56  Marauder  
  85  7:01  Terran Infantry Weapons Level 1  
  84  7:13  SCV  
  84  7:14  SCV  
  86  7:17  Marauder  
  88  7:23  Combat Shield  
  88  7:26  SCV x2  
  87  7:37  Missile Turret  
  87  7:38  SCV x2, Starport Reactor  
  87  7:41  Missile Turret  
  89  7:45  Orbital Command  
  89  7:50  SCV x2  
  91  8:01  Missile Turret  
  91  8:02  SCV x2, Engineering Bay  
  93  8:14  SCV x2  
  95  8:24  Armory  
  95  8:26  SCV x2  
  95  8:27  Marine x2  
  97  8:29  Marauder  
  101  8:40  Supply Depot  
  101  8:42  Concussive Shells  
  101  8:48  Supply Depot x2  
  101  8:49  Supply Depot  
  101  8:50  Supply Depot x2  
  101  8:51  Supply Depot  
  101  8:52  Supply Depot  
  101  8:53  Marine x2  
  101  8:54  Marauder, Siege Tank  
  101  8:55  Terran Infantry Armor Level 1, SCV  
  109  8:59  Command Center  
  109  9:01  SCV x2, Liberator x2  
  109  9:02  Supply Depot  
  117  9:05  Refinery  
  117  9:07  Armory  
  117  9:09  SCV  
  118  9:11  Marine x2  
  118  9:13  SCV x2, Supply Depot x2  
  118  9:15  Marauder  
  118  9:16  Supply Depot  
  124  9:17  Supply Depot  
  124  9:18  Supply Depot  
  124  9:21  SCV  
  125  9:25  Supply Depot  
  125  9:26  SCV, Siege Tank  
  125  9:29  Marine x2  
  131  9:34  Factory  
  131  9:37  Marauder  
  133  9:38  Refinery  
  133  9:44  Liberator x2  
  139  9:46  Terran Infantry Weapons Level 2  
  139  9:47  Marine x2  
  139  9:48  Terran Vehicle Weapons Level 1  
  141  9:58  Marauder, Siege Tank  
  141  10:20  Marauder  
  143  10:27  Liberator  
  143  10:30  Siege Tank  
  143  10:54  Viking  
  147  10:57  Marauder, Marine  
  147  10:58  Marine  
  147  11:01  Orbital Command  
  149  11:10  Viking  
  151  11:15  Marine x2  
  155  11:18  Marauder  
  155  11:24  Viking  
  157  11:33  Marine x2  
  161  11:40  Marauder, Viking  
  163  11:49  Barracks x4  
  163  11:50  Barracks  
  163  11:51  Marine x2  
  165  11:54  SCV, Viking  
  165  11:55  SCV x2  
  172  12:01  Marauder  
  172  12:06  SCV  
  172  12:07  SCV x2  
  175  12:09  Marine x2  
  175  12:10  Viking  
  175  12:12  Sensor Tower  
  178  12:18  SCV  
  178  12:19  SCV x2  
  180  12:22  Marauder  
  180  12:27  Marine x2  
  182  12:30  SCV  
  182  12:31  SCV x2  
  184  12:43  SCV x3  
  189  12:44  Marauder, Marine  
  189  12:51  Orbital Command  
  190  13:05  Marine  
  131  13:21  Marine  
  131  13:22  Marine  
  131  13:23  Marauder  
  131  13:24  Barracks Tech Lab x5, Command Center  
  135  13:39  Marine x2  
  130  13:44  Marauder  
  130  13:47  Marauder x3  
  130  13:48  Marauder x2  
  141  13:51  Terran Infantry Armor Level 2, Terran Infantry Weapons Level 3  
  141  13:54  Terran Vehicle Weapons Level 2, Terran Vehicle And Ship Armor Level 1  
  141  13:57  Marine x2  
  140  14:02  Siege Tank  
  140  14:04  Factory Tech Lab  
  140  14:06  Marauder  
  140  14:08  Marauder  
  140  14:09  Marauder x3  
  148  14:10  Marauder  
  148  14:13  Command Center  
  148  14:15  Marine x2  
  150  14:27  Marauder  
  150  14:30  Marauder x4  
  150  14:31  Marauder  
  162  14:32  Marine  
  162  14:33  Marine  
  162  14:35  Siege Tank  
  167  14:41  Medivac x2  
  171  14:49  Marauder  
  171  14:50  Marine, Planetary Fortress  
  171  14:51  Marauder x2, Marine  
  171  14:52  Marauder x3  
  185  15:01  Command Center  
  185  15:07  Siege Tank  
  185  15:08  Marine x2  
  185  15:10  Marauder, Medivac  
  185  15:11  Medivac  
  185  15:13  Marauder x4  
  185  15:14  Marauder  
  200  15:26  Marine  
  200  15:28  Marine  
  197  15:31  Marauder  
  197  15:34  Marauder x3  
  197  15:35  Marauder  
  198  15:53  Marauder  
  198  15:56  Marauder  
  152  16:23  Command Center  
  154  16:26  Widow Mine, Siege Tank  
  154  16:27  Command Center  
  157  16:37  Command Center  
  159  16:40  Marauder x6, Marine  
  159  16:41  Marine  
  174  16:47  Siege Tank  
  174  16:53  Planetary Fortress  
  174  16:57  SCV  
  174  16:58  SCV, Marine, Siege Tank  
  174  16:59  Marine  
  183  17:01  Marauder  
  183  17:02  Marauder x5  
  183  17:04  SCV  
  194  17:09  SCV  
  195  17:16  Marine  
  195  17:17  Marine  
  195  17:19  Siege Tank  
  198  17:23  Marauder x2  
  121  18:47  Marauder x6  
  121  18:48  Marine x2  
  133  18:59  Planetary Fortress  
  133  19:01  SCV  
  133  19:02  SCV  
  135  19:05  Marine  
  135  19:06  Marine  
  135  19:08  Marauder  
  135  19:09  Marauder x5  
  144  19:19  Orbital Command  
  144  19:23  Marine  
  144  19:24  Marine  
  145  19:30  Marauder x6  
  158  19:41  Marine  
  158  19:42  Marine  
  158  19:51  Marauder x5  
  158  19:52  Marauder  
  142  20:06  Medivac x2  
  131  20:12  Marauder, Marine x2  
  131  20:13  Marauder x5  
  145  20:30  Marine x2  
  145  20:34  Marauder x6  
  159  20:36  Medivac x2  
  159  20:40  Refinery  
  159  20:42  Refinery  
  163  20:43  Refinery  
  163  20:46  Refinery  
  163  20:47  Marine  
  163  20:48  Marine  
  165  20:51  Siege Tank x2  
  165  20:55  Marauder, Marine  
  165  20:56  Marauder, Command Center  
  176  21:06  Medivac x2  
  147  21:23  Siege Tank x2  
  142  21:32  Marauder, Marine  
  143  21:33  Marauder x5, Marine  
  118  21:54  Marauder x3  
  114  22:01  Marauder x3  
  95  22:14  Planetary Fortress  
  95  22:15  Marauder x2  
  101  22:16  Marauder  
  101  22:22  Marauder  
  101  22:39  Refinery  
  101  22:40  Refinery  
  97  22:53  Hi-Sec Auto Tracking  
  97  22:54  Neosteel Armor  
  97  23:11  Marauder x4, Marine x3  
  106  23:20  SCV  
  106  23:21  SCV x4  
  106  23:22  Refinery  
  106  23:23  Planetary Fortress  
  110  23:33  SCV x5  
  110  23:40  Marauder x6  
  108  23:41  Marine  
  108  23:42  Marine  
  108  23:45  SCV x5  
  114  24:01  Marauder x3  
  114  24:02  Marauder  
  118  24:18  Siege Tank x2  
  118  24:22  SCV x2  
  118  24:23  SCV  
  133  24:38  Marauder x3  
  133  24:39  Marauder x3, Marine x2  
  141  24:50  Siege Tank x2  
  131  24:56  Marine  
  131  24:57  Marine  
  134  25:00  Marauder x5, Marine  
  127  25:14  Marine x2  
  127  25:21  Marauder, Marine  
  95  25:32  Marine  
  95  25:34  SCV x6  
Show
View Real Time Build Order
Export as new Build Order

qqq Protoss 

Build Orders: Nexus First, Carriers 

Get SALT Encoding   

  12  0:00  Probe  
  13  0:12  Probe  
  14  0:19  Pylon  
  14  0:37  Probe  
  15  0:49  Probe  
  16  1:01  Nexus  
  16  1:12  Probe  
  17  1:24  Probe  
  17  1:36  Probe  
  17  1:38  Gateway  
  18  1:43  Pylon  
  18  1:49  Probe, Assimilator  
  18  1:53  Assimilator  
  19  2:02  Probe  
  20  2:14  Probe  
  21  2:21  Probe  
  22  2:26  Probe  
  22  2:29  Cybernetics Core  
  23  2:30  Zealot  
  23  2:33  Probe (Chrono Boost)  
  26  2:43  Probe (Chrono Boost)  
  28  2:45  Probe (Chrono Boost)  
  28  2:50  Probe (Chrono Boost)  
  29  2:52  Probe (Chrono Boost)  
  30  3:01  Probe (Chrono Boost)  
  30  3:02  Probe (Chrono Boost)  
  32  3:09  Stalker (Chrono Boost)  
  34  3:14  Probe (Chrono Boost)  
  35  3:26  Probe  
  36  3:36  Stargate  
  36  3:38  Probe (Chrono Boost), Stargate  
  36  3:40  Assimilator  
  38  3:41  Probe (Chrono Boost)  
  38  3:42  Pylon, Assimilator  
  38  3:45  Forge  
  39  3:49  Probe (Chrono Boost)  
  39  3:51  Pylon  
  39  3:53  Probe (Chrono Boost)  
  39  3:54  Probe (Chrono Boost)  
  41  4:01  Probe  
  42  4:08  Probe  
  43  4:13  Probe  
  44  4:20  Probe  
  45  4:25  Phoenix x2  
  45  4:26  Probe  
  50  4:32  Probe, Fleet Beacon  
  50  4:35  Pylon  
  50  4:38  Probe  
  52  4:44  Probe  
  53  4:50  Photon Cannon, Phoenix  
  55  4:55  Phoenix  
  57  5:13  Probe  
  58  5:15  Phoenix  
  58  5:19  Protoss Air Weapons Level 1  
  58  5:20  Phoenix  
  62  5:35  Nexus  
  62  5:38  Pylon  
  62  5:40  Pylon  
  62  5:43  Carrier, Pylon  
  68  6:00  Carrier  
  74  6:05  Photon Cannon  
  74  6:06  Photon Cannon  
  74  6:09  Photon Cannon  
  74  6:48  Carrier  
  80  6:56  Gateway  
  80  7:00  Twilight Council  
  80  7:02  Probe, Gateway, Pylon  
  80  7:03  Pylon  
  80  7:04  Tempest  
  86  7:09  Shield Battery  
  86  7:10  Photon Cannon  
  86  7:14  Probe (Chrono Boost)  
  87  7:25  Probe (Chrono Boost), Pylon  
  87  7:27  Zealot  
  87  7:28  Pylon  
  90  7:30  Probe (Chrono Boost)  
  91  7:40  Probe  
  92  7:47  Carrier  
  98  7:52  Probe  
  98  7:54  Zealot  
  101  8:04  Probe  
  102  8:16  Probe  
  103  8:21  Zealot  
  103  8:26  Carrier  
  107  8:28  Probe  
  108  8:41  Probe, Nexus  
  109  8:42  Pylon  
  109  8:46  Protoss Air Armor Level 1 (Chrono Boost)  
  109  8:47  Photon Cannon  
  109  8:48  Photon Cannon  
  109  8:51  Carrier  
  109  8:53  Probe (Chrono Boost), Photon Cannon  
  116  8:57  Photon Cannon  
  116  8:58  Shield Battery  
  116  9:02  Pylon  
  116  9:03  Charge (Chrono Boost), Zealot  
  116  9:05  Probe (Chrono Boost)  
  119  9:10  Probe (Chrono Boost)  
  120  9:19  Probe  
  120  9:21  Assimilator  
  121  9:26  Assimilator  
  121  9:30  Carrier  
  127  9:31  Probe  
  127  9:33  Stargate  
  127  9:34  Stargate  
  127  9:36  Robotics Facility  
  128  9:43  Probe  
  129  9:54  Probe  
  129  9:55  Tempest, Probe  
  136  10:06  Probe  
  137  10:07  Probe  
  138  10:18  Probe  
  138  10:20  Probe  
  127  10:34  Carrier  
  123  10:50  Protoss Air Weapons Level 2  
  122  11:06  Observer (Chrono Boost)  
  122  11:09  Carrier x2  
  131  11:20  Observer (Chrono Boost)  
  127  11:37  Mothership  
  123  11:42  Carrier x2  
  117  11:48  Zealot x3  
  117  11:52  Probe  
  124  12:04  Probe  
  119  12:15  Zealot x3  
  109  12:16  Probe  
  120  12:37  Carrier x2  
  120  12:42  Zealot x2  
  120  12:43  Nexus  
  120  12:44  Pylon  
  124  12:46  Tempest  
  124  12:47  Pylon  
  124  12:48  Pylon  
  129  12:54  Nexus  
  129  12:57  Pylon  
  129  12:58  Pylon  
  129  13:00  Pylon  
  111  13:07  Tempest  
  104  13:29  Tempest  
  108  13:40  Tempest  
  108  13:41  Tempest  
  118  13:50  Carrier  
  118  13:51  Zealot x3  
  130  14:09  Photon Cannon  
  129  14:11  Probe x2, Photon Cannon  
  129  14:13  Photon Cannon  
  131  14:18  Zealot x3  
  137  14:26  Observer  
  138  14:42  Void Ray  
  138  14:46  Tempest, Carrier  
  138  14:47  Immortal  
  138  14:49  Probe x2  
  159  15:01  Probe  
  150  15:26  Probe  
  151  15:32  Photon Cannon  
  151  15:35  Photon Cannon  
  151  15:37  Photon Cannon  
  151  15:38  Probe  
  151  15:40  Photon Cannon  
  151  15:41  Carrier, Shield Battery  
  158  15:44  Shield Battery  
  158  15:45  Probe  
  158  15:46  Photon Cannon  
  158  15:47  Photon Cannon  
  159  15:50  Probe  
  160  15:57  Probe  
  160  16:02  Probe  
  162  16:10  Probe  
  161  16:34  Shield Battery  
  161  16:36  Probe x2  
  161  16:37  Shield Battery  
  161  16:39  Photon Cannon  
  162  16:40  Photon Cannon  
  154  16:48  Probe x2  
  154  16:55  Carrier x3  
  154  17:00  Probe x2  
  174  17:05  Observer  
  175  17:12  Probe x2  
  177  17:17  Zealot x3  
  183  17:24  Probe  
  183  17:26  Observer  
  165  17:38  Probe x2  
  157  17:44  Zealot  
  157  17:49  Carrier  
  157  17:50  Probe x2  
  157  17:51  Zealot x2  
  145  17:59  Carrier x2  
  145  18:00  Carrier  
  145  18:02  Probe  
  145  18:03  Probe  
  158  18:14  Probe  
  158  18:15  Probe  
  148  18:33  Assimilator  
  148  18:37  Assimilator  
  148  18:44  Assimilator  
  148  18:47  Void Ray  
  148  18:48  Assimilator  
  152  18:57  Nexus  
  135  19:03  Nexus  
  111  19:28  Void Ray  
  100  19:32  Carrier x3  
  122  19:56  Pylon  
  122  19:58  Pylon  
  122  20:00  Pylon  
  122  20:01  Zealot x3  
  122  20:02  Pylon  
  122  20:03  Pylon  
  127  20:28  Stalker  
  129  20:56  Pylon  
  133  20:57  Pylon, Immortal  
  133  20:59  Pylon  
  133  21:00  Zealot x3  
  133  21:01  Pylon  
  133  21:02  Tempest  
  133  21:03  Carrier, Pylon  
  150  21:05  Pylon  
  150  21:16  Photon Cannon  
  150  21:17  Photon Cannon  
  150  21:19  Photon Cannon  
  146  21:28  Void Ray x2  
  144  21:36  Observer  
  111  22:27  Carrier  
  117  22:38  Photon Cannon, Void Ray  
  117  22:39  Shield Battery  
  117  22:41  Shield Battery  
  117  22:43  Photon Cannon  
  119  22:44  Tempest, Carrier  
  119  22:46  Photon Cannon  
  119  22:48  Shield Battery  
  130  22:52  Nexus  
  130  22:55  Shield Battery  
  130  22:58  Photon Cannon  
  116  23:40  Carrier x2  
  71  23:48  Zealot  
  71  23:49  Zealot  
  68  24:10  Zealot  
  68  24:15  Stalker  
  68  24:16  Stalker  
  52  24:37  Zealot  
  54  24:44  Probe  
  55  24:45  Zealot  
  55  24:46  Zealot  
  55  24:48  Assimilator  
  59  24:56  Probe  
Tags
 
Add a new tag
Caveats
  • Supply blocks, unpowered buildings, or Contaminate may cause inaccurate times.
  • Supply counts are checked every 10 seconds.